Map: Catalyst LE

Players

Stephano

  • Race: Zerg Zerg
  • League: Grandmaster
  • Spawn Location: 5:00

Minatoeh (Minato) - Winner!

  • Race: Zerg Zerg
  • League: Master
  • Spawn Location: 11:00

Event: WESG Barcelona European Finals 2017

VOD

Have the link to the VOD?

Description

Time

  • Played on: Nov. 23, 2017, 8:30 a.m.
  • Length: 6:17

All games in this series

Show
View Real Time Build Order
Export as new Build Order

Stephano Zerg 

Build Orders: Hatch First, Zergling Baneling 

Get SALT Encoding   

  12  0:00  Drone  
  13  0:12  Overlord  
  13  0:17  Drone  
  14  0:31  Drone x2  
  14  0:35  Drone  
  17  0:52  Hatchery  
  17  0:54  Drone  
  17  0:58  Drone  
  18  1:08  Extractor  
  17  1:13  Spawning Pool  
  17  1:16  Drone  
  17  1:19  Drone  
  18  1:28  Drone  
  19  2:00  Zergling x4  
  21  2:02  Zergling x2  
  21  2:04  Zergling x2, Queen x2  
  27  2:13  Zergling x2  
  27  2:18  Zergling x2  
  28  2:34  Overlord  
  26  2:38  Overlord  
  26  2:43  Drone  
  26  2:49  Metabolic Boost  
  26  2:53  Drone  
  26  2:56  Drone  
  28  3:02  Baneling Nest  
  27  3:07  Drone  
  27  3:09  Drone  
  27  3:12  Drone  
  30  3:17  Drone  
  30  3:19  Drone  
  32  3:22  Drone  
  33  3:30  Drone x3  
  36  3:39  Zergling x6  
  39  3:52  Hatchery  
  39  3:53  Baneling  
  39  3:54  Baneling  
  38  3:56  Zergling x2  
  38  4:03  Baneling  
  38  4:05  Zergling x8  
  38  4:09  Baneling x3  
  42  4:15  Zergling x2  
  42  4:16  Overlord  
  43  4:21  Baneling x2  
  43  4:27  Overlord  
  41  4:32  Zergling x6  
  42  4:39  Baneling  
  42  4:40  Baneling x2  
  42  4:42  Zergling x2  
  42  4:43  Zergling x8  
  46  4:50  Zergling x4  
  45  4:54  Baneling x2  
  45  4:57  Zergling x4  
  39  5:05  Zergling x4  
  35  5:11  Queen  
  35  5:15  Zergling x2  
  35  5:16  Zergling x2  
  35  5:19  Zergling x4  
  39  5:26  Queen  
  39  5:27  Zergling x2  
  41  5:35  Zergling x2  
  41  5:39  Baneling  
  36  5:44  Zergling x6  
  36  5:48  Zergling x2  
  28  5:50  Zergling x6  
  28  5:53  Zergling x2  
  28  5:56  Zergling x2  
Show
View Real Time Build Order
Export as new Build Order

Minatoeh Zerg - Winner!

Build Orders: Pool First 

Get SALT Encoding   

  12  0:17  Spawning Pool  
  11  0:22  Drone  
  11  0:27  Drone  
  13  0:31  Drone  
  14  0:40  Overlord  
  15  1:04  Zergling x4  
  15  1:05  Zergling x2  
  17  1:16  Hatchery  
  16  1:19  Zergling x2  
  17  1:27  Zergling x2  
  18  1:34  Queen  
  18  1:39  Zergling x2  
  21  1:45  Extractor  
  20  1:48  Zergling x2  
  21  1:59  Overlord  
  21  2:10  Drone  
  22  2:25  Queen  
  22  2:28  Drone x2  
  26  2:33  Drone  
  25  2:44  Drone  
  25  2:45  Drone x2  
  25  2:49  Drone  
  29  2:56  Metabolic Boost  
  29  3:09  Zergling x4  
  29  3:10  Zergling x4  
  33  3:19  Baneling Nest  
  32  3:23  Zergling x4  
  34  3:27  Overlord  
  34  3:32  Zergling x2  
  35  3:49  Zergling x10  
  35  3:54  Zergling x2  
  35  3:55  Zergling x2  
  42  4:05  Zergling x4  
  42  4:07  Overlord  
  44  4:16  Baneling x6  
  42  4:29  Zergling x8  
  42  4:43  Zergling x6  
  42  4:44  Zergling x2  
  45  4:48  Zergling x2  
  45  4:54  Zergling x2  
  45  4:55  Zergling x2  
  45  4:57  Zergling x2  
  45  5:02  Zergling x2  
  38  5:08  Zergling x4  
  36  5:14  Baneling x5  
  36  5:17  Baneling  
  36  5:19  Zergling x2  
  37  5:23  Zergling x2  
  37  5:26  Zergling x2  
  38  5:29  Zergling x2  
  38  5:33  Zergling x2  
  40  5:40  Zergling x4  
  40  5:42  Zergling x2  
  39  5:50  Zergling x4  
  39  5:53  Zergling x2  
  39  5:58  Zergling x4  
Tags
 
Add a new tag
Caveats
  • Supply blocks, unpowered buildings, or Contaminate may cause inaccurate times.
  • Supply counts are checked every 10 seconds.